[Event "Team 45 45 League T54"]
[Site "Internet Chess Club"]
[Date "2012.09.03"]
[Round "3"]
[White "rdmuhcu"]
[Black "chiiwen"]
[Result "1-0"]
[WhiteElo "2287"]
[BlackElo "2185"]
[Opening "Levitsky attack (Queen's bishop attack)"]
[ECO "D00"]
[Time "15:16:55"]
[TimeControl "2700+45"]

1. d4 d5 2. Bg5 c6 3. c3 Qb6 4. Qc2 g6 5. Nd2 Bf5 6. Qb3 Nd7 7. e3 e5 8. dxe5
Nxe5 9. h3 Bg7 10. Ngf3 Nd3+ 11. Bxd3 Bxd3 12. O-O-O Nf6 13. Ne5 Bf5 14. Qa3 Qc7
15. Nef3 Qe7 16. Qxe7+ Kxe7 17. Rhe1 Rhe8 18. Nd4 Bd7 19. e4 Kf8 20. e5 Ng8 21.
N2f3 b6 22. a4 Rac8 23. b3 h6 24. Bf4 g5 25. Bh2 a6 26. Kb2 c5 27. Nc2 Ne7 28.
Ne3 Be6 29. Rd2 Red8 30. Red1 Ke8 31. g4 Rd7 32. h4 f6 33. exf6 Bxf6 34. hxg5
Bxc3+ 35. Kxc3 d4+ 36. Kb2 dxe3 37. Rxd7 Bxd7 38. gxh6 Bxg4 39. h7 Ng6 40. Re1
Bxf3 41. Rxe3+ Kf7 42. Rxf3+ Kg7 43. Rd3 Kxh7 44. Rd6 Re8 45. Rxb6 Re2+ 46. Kc3
Rxf2 47. Bd6 Rf3+ 48. Kc4 Kg7 49. Rxa6 Kf7 50. Rb6 Rf1 51. a5 Ke8 52. a6 Kd7 53.
Bxc5 Ne5+ 54. Kb5 Ra1 55. Bd4 {Black resigns} 1-0

[Event "Team 45 45 League T54"]
[Site "Internet Chess Club"]
[Date "2012.09.02"]
[Round "3"]
[White "sounix"]
[Black "SlimeDog2"]
[Result "1-0"]
[WhiteElo "2013"]
[BlackElo "2179"]
[Opening "Ruy Lopez: Berlin defense, Beverwijk variation"]
[ECO "C65"]
[Time "21:34:38"]
[TimeControl "2700+45"]

1. e4 e5 2. Nf3 Nc6 3. Bb5 Nf6 4. O-O Bc5 5. Nxe5 Nxe4 6. Nxf7 Nxf2 7. Qh5 Ne4+
8. Kh1 g6 9. Qe2 Qe7 10. Nxh8 d5 11. Nf7 Bf5 12. Nh6 O-O-O 13. Nxf5 gxf5 14. Nc3
Nd4 15. Qd1 Ng3+ 16. hxg3 Qg5 17. d3 Qxg3 18. Bf4 Qh4+ 19. Bh2 Bd6 20. g3 Bxg3
21. Qd2 Rd6 22. Rae1 c6 23. Re8+ Kd7 24. Rg8 f4 25. Rxf4 {Black resigns} 1-0

[Event "Team 45 45 League T54"]
[Site "Internet Chess Club"]
[Date "2012.09.02"]
[Round "3"]
[White "Matusalen"]
[Black "MassDestroyer"]
[Result "1-0"]
[WhiteElo "2145"]
[BlackElo "1757"]
[Opening "King's Indian: fianchetto, Panno variation"]
[ECO "E63"]
[Time "13:00:55"]
[TimeControl "2700+45"]

1. Nf3 Nf6 2. c4 g6 3. g3 Bg7 4. Bg2 O-O 5. d4 d6 6. O-O Nc6 7. Nc3 a6 8. b3 Rb8
9. Nd5 Bd7 10. Nxf6+ Bxf6 11. Bh6 Re8 12. d5 Ne5 13. Rc1 b5 14. Nxe5 Bxe5 15.
cxb5 axb5 16. f4 Bh8 17. Qc2 Bd4+ 18. Kh1 Be3 19. Qc3 e5 {Black resigns} 1-0

[Event "Team 45 45 League T54"]
[Site "Internet Chess Club"]
[Date "2012.09.04"]
[Round "3"]
[White "hidemitsu"]
[Black "Uwak"]
[Result "0-1"]
[WhiteElo "2208"]
[BlackElo "2480"]
[Opening "King's Indian: orthodox, Aronin-Taimanov, 9.Ne1"]
[ECO "E98"]
[Time "12:28:46"]
[TimeControl "2700+45"]

1. d4 Nf6 2. Nf3 g6 3. c4 Bg7 4. Nc3 O-O 5. e4 d6 6. Be2 e5 7. O-O Nc6 8. d5 Ne7
9. Ne1 Nd7 10. Be3 f5 11. f3 f4 12. Bf2 g5 13. Rc1 Rf6 14. c5 Nxc5 15. b4 Na6
16. Nd3 Rh6 17. Re1 Qe8 18. Bf1 Rg6 19. h3 h5 20. Be2 c6 21. dxc6 bxc6 22. Nb2
Nc7 23. Nc4 d5 24. exd5 cxd5 25. Na5 Bf5 26. a4 d4 27. Nb5 Ncd5 28. Nc7 Nxc7 29.
Rxc7 Qd8 30. Qb3+ Kh8 31. Rc5 d3 32. Rd1 dxe2 33. Rxd8+ Rxd8 34. Rc1 Rd3 35. Qc4
Rd1+ 36. Be1 g4 37. fxg4 hxg4 38. hxg4 Bxg4 39. Nb3 Bf3 40. Kf2 Bd5 41. Qxe2
Rxg2+ 42. Kf1 Rxe2 43. Kxe2 Bxb3 44. Rxd1 Bxd1+ 45. Kxd1 e4 46. b5 Bd4 47. a5
Nd5 48. Kc2 f3 49. Kb3 f2 50. Bxf2 Bxf2 51. Kc4 e3 {White resigns} 0-1

[Event "Team 45 45 League T54"]
[Site "Internet Chess Club"]
[Date "2012.09.03"]
[Round "3"]
[White "QueensCounselor"]
[Black "Burning-Bush"]
[Result "1-0"]
[WhiteElo "2099"]
[BlackElo "1979"]
[Opening "Sicilian: Kan, 5.Nc3"]
[ECO "B43"]
[Time "15:03:07"]
[TimeControl "2700+45"]

1. e4 c5 2. Nf3 e6 3. d4 cxd4 4. Nxd4 a6 5. Nc3 Qc7 6. Bd3 b5 7. O-O Bb7 8. Re1
b4 9. Nd5 exd5 10. exd5+ Kd8 11. Bg5+ Be7 12. Qe2 f6 13. Nf5 Qc5 14. Nxe7 Nxe7
15. Be3 Qd6 16. Bb6+ Qxb6 17. Qxe7+ Kc7 18. Qxg7 Rd8 19. Rad1 Bxd5 20. Bxh7 Bc4
21. Bf5 Ra7 22. Qg3+ Kc8 23. Rd6 Qa5 24. Qf4 Rc7 25. b3 Be6 26. Bxe6 dxe6 27.
Rxd8+ Kxd8 28. Qxf6+ Kc8 29. Qxe6+ Nd7 30. Qe8+ Kb7 31. Qe4+ Kc8 32. Qa8+ Nb8
33. Re8+ Kd7 34. Qxb8 Rxc2 35. Re1 {Black resigns} 1-0

[Event "Team 45 45 League T54"]
[Site "Internet Chess Club"]
[Date "2012.08.31"]
[Round "3"]
[White "PandorasBox"]
[Black "Geeloo"]
[Result "1-0"]
[WhiteElo "1875"]
[BlackElo "2090"]
[Opening "English: Neo-Catalan declined"]
[ECO "A14"]
[Time "16:47:53"]
[TimeControl "2700+45"]

1. c4 e6 2. g3 Nf6 3. Bg2 d5 4. Nf3 Be7 5. O-O O-O 6. cxd5 exd5 7. d4 c6 8. Nc3
h6 9. Re1 Be6 10. Bf4 Nbd7 11. Qc2 Re8 12. h3 Bf8 13. g4 g5 14. Bg3 Bg7 15. Rad1
Qa5 16. a3 b5 17. e4 Nxe4 18. Nxe4 dxe4 19. Ne5 Nxe5 20. Bxe5 Bxe5 21. dxe5 Rac8
22. Bxe4 c5 23. Bf5 Qc7 24. Rd6 Bxf5 25. Qxf5 Qxd6 26. exd6 Rxe1+ 27. Kg2 Re6
28. d7 Rd8 29. Qxc5 Rb6 30. Qc7 Rbb8 31. Qxa7 Kg7 32. Qd4+ Kg6 33. Qe5 Rf8 34.
Qf5+ Kg7 35. Kg3 Rfd8 36. Qe5+ Kg8 37. h4 gxh4+ 38. Kxh4 Kf8 39. Qd6+ Kg8 40.
Qe7 Kg7 41. f4 {Black resigns} 1-0

[Event "Team 45 45 League T54"]
[Site "Internet Chess Club"]
[Date "2012.08.31"]
[Round "3"]
[White "Morovon23"]
[Black "chess9793"]
[Result "1/2-1/2"]
[WhiteElo "2338"]
[BlackElo "2158"]
[Opening "Grünfeld: modern exchange variation"]
[ECO "D90"]
[Time "23:00:14"]
[TimeControl "2700+45"]

1. d4 Nf6 2. Nf3 g6 3. c4 Bg7 4. Nc3 d5 5. cxd5 Nxd5 6. e4 Nxc3 7. bxc3 c5 8.
Be3 Qa5 9. Qd2 Nc6 10. Rc1 cxd4 11. cxd4 Qxd2+ 12. Kxd2 O-O 13. d5 Rd8 14. Ke1
Na5 15. Bf4 Bd7 16. Bd3 f5 17. Nd2 fxe4 18. Bxe4 Rac8 19. Ke2 Bb5+ 20. Ke3 Bb2
21. Rc7 Ba3 22. h4 Bc5+ 23. Kf3 Rxc7 24. Bxc7 Rf8+ 25. Bf4 Bxf2 26. Kxf2 Rxf4+
27. Kg3 Rf6 28. Rc1 Kf7 29. Rc5 a6 30. Nf3 Ke8 31. Rc8+ Kd7 32. Rh8 Bc4 33. Ng5
h5 34. Nh7 Rf7 35. Nf8+ Kd6 {Game drawn by mutual agreement} 1/2-1/2

[Event "Team 45 45 League T54"]
[Site "Internet Chess Club"]
[Date "2012.09.01"]
[Round "3"]
[White "Cryptochess"]
[Black "StephenHawking"]
[Result "0-1"]
[WhiteElo "2085"]
[BlackElo "2207"]
[Opening "French: Labourdonnais variation"]
[ECO "C00"]
[Time "20:39:23"]
[TimeControl "2700+45"]

1. e4 e6 2. f4 c5 3. Nc3 Nc6 4. Nf3 g6 5. Bc4 Bg7 6. e5 d5 7. exd6 Qxd6 8. d3
Nf6 9. O-O O-O 10. Ng5 b6 11. Re1 Bb7 12. Nxe6 Rfe8 13. Ng5 Rxe1+ 14. Qxe1 Rf8
15. h3 h6 16. Nge4 Nxe4 17. dxe4 Bd4+ 18. Kh1 a6 19. e5 Qd8 20. Ne4 b5 21. Nf6+
Kg7 22. Bd3 Qc8 23. f5 Rh8 24. fxg6 Nxe5 25. Nh5+ Kg8 26. gxf7+ Kxf7 27. Qh4
Nxd3 28. cxd3 Qf5 29. Bf4 Qd5 30. Rg1 Rg8 31. Bg3 Bxg1 32. Qf6+ Ke8 33. Nf4 Qf7
34. Qe5+ Kd7 35. Nh5 Rxg3 36. Nxg3 Bd4 37. Qe2 Qf4 38. Qg4+ Qxg4 39. hxg4 Bxb2
40. Nf5 Bc1 41. Kg1 b4 42. Kf2 Bd5 {White resigns} 0-1

[Event "Team 45 45 League T54"]
[Site "Internet Chess Club"]
[Date "2012.09.03"]
[Round "3"]
[White "SanchoPanzaGuy"]
[Black "Legal"]
[Result "1-0"]
[WhiteElo "2250"]
[BlackElo "2019"]
[Opening "Grünfeld: exchange variation"]
[ECO "D85"]
[Time "08:06:28"]
[TimeControl "2700+45"]

1. d4 Nf6 2. c4 g6 3. Nc3 d5 4. cxd5 Nxd5 5. Na4 Bg7 6. Nf3 O-O 7. e4 Nb6 8. h3
Nxa4 9. Qxa4 b6 10. Bf4 Bb7 11. Qc2 c6 12. O-O-O Nd7 13. e5 c5 14. d5 Qc7 15.
Bc4 a6 16. d6 exd6 17. exd6 Qc8 18. Rhe1 b5 19. Bf1 Qc6 20. Bg5 Rfe8 21. Be7 a5
22. Qd2 a4 23. Qf4 a3 24. b3 c4 25. b4 Bb2+ 26. Kb1 Rac8 27. Nd4 Qa6 28. Re5 Qa4
29. Ree1 Qxb4 30. Nc2 Qc5 31. Qe3 Qxe3 32. Rxe3 Ra8 33. Nb4 f5 34. Nd5 Bxd5 35.
Rxd5 Rab8 36. Kc2 Kf7 37. Rxb5 Rec8 38. Rxb8 Nxb8 39. Bg5 Re8 40. Bxc4+ {Black
resigns} 1-0

[Event "Team 45 45 League T54"]
[Site "Internet Chess Club"]
[Date "2012.09.03"]
[Round "3"]
[White "DouDou"]
[Black "perikitosax"]
[Result "0-1"]
[WhiteElo "1545"]
[BlackElo "1938"]
[Opening "Alekhine's defense: modern, Larsen variation"]
[ECO "B04"]
[Time "11:30:22"]
[TimeControl "2700+45"]

1. e4 Nf6 2. e5 Nd5 3. d4 d6 4. Nf3 dxe5 5. Nxe5 c6 6. Bc4 Nd7 7. Nf3 N7f6 8.
O-O Bg4 9. h3 Bh5 10. Qd3 e6 11. Ne5 Be7 12. c3 O-O 13. Qg3 c5 14. Bh6 Bg6 15.
Nxg6 hxg6 16. Bd2 cxd4 17. cxd4 Nb6 18. Qd3 Nxc4 19. Qxc4 Qd5 20. Qxd5 Nxd5 21.
Nc3 Rfd8 22. Rfd1 Bf6 23. Nxd5 Rxd5 24. Bc3 Rad8 25. Rac1 e5 26. Rd3 exd4 27.
Rcd1 b6 28. Kf1 dxc3 29. Rxd5 Rxd5 30. Rxd5 c2 31. b3 c1=Q+ 32. Ke2 Qc2+ 33. Rd2
Qe4+ 34. Kf1 Bc3 35. Rd8+ Kh7 36. Rd1 Qc2 37. Rd7 Qxa2 38. Rxf7 Qxb3 39. Re7
Qd1+ 40. Re1 {White resigns} 0-1

[Event "Team 45 45 League T54"]
[Site "Internet Chess Club"]
[Date "2012.08.31"]
[Round "3"]
[White "JustinSane"]
[Black "Campagnolo"]
[Result "0-1"]
[WhiteElo "2010"]
[BlackElo "2089"]
[Opening "Queen's pawn, Mason variation"]
[ECO "D00"]
[Time "21:05:21"]
[TimeControl "2700+45"]

1. d4 d5 2. Bf4 Nf6 3. e3 c5 4. c3 Nc6 5. Nd2 Bf5 6. Ngf3 Qb6 7. Qb3 e6 8. Qxb6
axb6 9. Bb5 Nd7 10. O-O Be7 11. Rfe1 O-O 12. e4 dxe4 13. Nxe4 Bxe4 14. Rxe4 Nf6
15. Ree1 Nd5 16. Bg3 Bf6 17. dxc5 bxc5 18. Bxc6 bxc6 19. Bd6 Be7 20. Bxe7 Nxe7
21. Red1 Rfd8 22. Rxd8+ Rxd8 23. a4 f6 24. Kf1 Kf7 25. Ke2 Nd5 26. g3 Ke7 27. a5
Nc7 28. Nd2 Na6 29. Nc4 e5 30. Rd1 Rb8 31. Kd3 Nc7 32. Kc2 Nd5 33. Ra1 Ra8 34.
Nb6 Ra6 35. Nxd5+ cxd5 36. b4 Kd6 37. b5 Ra8 38. Kb3 Kc7 39. Ka4 Kb7 40. f3 Rd8
41. Rb1 d4 42. Kb3 d3 43. Kc4 d2 44. Rd1 f5 45. Kxc5 e4 46. fxe4 fxe4 47. a6+
Ka8 48. b6 e3 49. Kc6 e2 50. Rxd2 Rxd2 51. Kc7 Rd7+ 52. Kc8 Rd8+ 53. Kxd8 e1=Q
{White resigns} 0-1

[Event "Team 45 45 League T54"]
[Site "Internet Chess Club"]
[Date "2012.08.30"]
[Round "3"]
[White "TerryMalloy"]
[Black "Killian"]
[Result "1/2-1/2"]
[WhiteElo "2083"]
[BlackElo "2009"]
[Opening "Sicilian: Sveshnikov variation"]
[ECO "B33"]
[Time "16:09:41"]
[TimeControl "2700+45"]

1. e4 c5 2. Nf3 Nc6 3. d4 cxd4 4. Nxd4 Nf6 5. Nc3 e5 6. Ndb5 d6 7. Bg5 a6 8.
Bxf6 gxf6 9. Na3 b5 10. Nd5 f5 11. g3 Bg7 12. exf5 Bxf5 13. Bg2 Rc8 14. c3 O-O
15. O-O Ne7 16. Nc2 Nxd5 17. Bxd5 Bxc2 18. Qxc2 Qb6 19. Qf5 Rc4 20. Bxc4 bxc4
21. b3 cxb3 22. axb3 Qxb3 23. Rxa6 Qxc3 24. Rxd6 Qc7 25. Rd7 Qb6 26. Rb1 Qg6 27.
Qxg6 hxg6 28. Rbb7 Bf6 29. Kg2 Kg7 30. Kf3 Kg8 31. h4 Kg7 32. Kg4 Kg8 33. h5
gxh5+ 34. Kxh5 Kg7 35. Kg4 Kg6 36. Rb6 Kg7 37. Kf5 Bd8 38. Rb8 Ba5 39. Rxf8 Kxf8
40. Kxe5 Be1 41. Kf6 Bc3+ 42. Kf5 Be1 43. Rd3 Bxf2 44. Kf6 Ke8 45. g4 Bb6 46.
Rd6 Bc5 47. Rd5 Bb4 48. Kg7 Bc3+ 49. Kg8 Ke7 50. Rc5 Bd4 51. Rc7+ Kf6 52. Rxf7+
Kg5 53. Re7 Bf2 54. Re4 Bg3 {Game drawn by mutual agreement} 1/2-1/2

[Event "Team 45 45 League T54"]
[Site "Internet Chess Club"]
[Date "2012.09.03"]
[Round "3"]
[White "iletrado"]
[Black "justice02"]
[Result "0-1"]
[WhiteElo "1767"]
[BlackElo "1716"]
[Opening "QGD Slav: 4.Nc3"]
[ECO "D15"]
[Time "17:30:08"]
[TimeControl "2700+45"]

1. d4 d5 2. c4 c6 3. Nf3 Nf6 4. Nc3 a6 5. cxd5 cxd5 6. g3 g6 7. Bg2 Bg7 8. O-O
O-O 9. Qb3 Nc6 10. Rd1 Qd6 11. Bf4 Qb4 12. Qxb4 Nxb4 13. Ne5 Be6 14. a3 Nc6 15.
Nxc6 bxc6 16. Na4 Nh5 17. Rac1 Nxf4 18. gxf4 Rac8 19. Rc5 Rfd8 20. Rdc1 Bxd4 21.
Ra5 Rb8 22. b4 Bd7 23. e3 Bf6 24. Bf1 e5 25. fxe5 Bxe5 26. Rxa6 Be8 27. Rc2 h5
28. Nc5 d4 29. exd4 Rxd4 30. Rc4 Rbd8 31. Rxd4 Rxd4 32. Be2 Rd2 33. Bf3 Rd6 34.
Ra7 Bd4 35. Rc7 Rf6 36. Kg2 h4 37. Ne4 h3+ {White resigns} 0-1

[Event "Team 45 45 League T54"]
[Site "Internet Chess Club"]
[Date "2012.09.03"]
[Round "3"]
[White "RD1974"]
[Black "isolani"]
[Result "0-1"]
[WhiteElo "1642"]
[BlackElo "1663"]
[Opening "Pirc: Ufimtsev-Pytel variation"]
[ECO "B07"]
[Time "19:30:26"]
[TimeControl "2700+45"]

1. e4 d6 2. d4 Nf6 3. Nc3 c6 4. f4 Bg4 5. Qd3 Na6 6. a3 e5 7. h3 Be6 8. f5 Bd7
9. Nf3 exd4 10. Nxd4 Nc5 11. Qf3 Be7 12. b4 Na6 13. Bb2 O-O 14. Rd1 Rc8 15. Be2
Qc7 16. O-O Rfd8 17. g4 h6 18. Qg3 c5 19. Ndb5 Bxb5 20. Nxb5 Qb6 21. e5 dxe5 22.
Qxe5 cxb4+ 23. Bd4 Bc5 24. Bxc5 Nxc5 25. Rxd8+ Rxd8 26. Kh2 bxa3 27. Qc7 Qxc7+
28. Nxc7 Rd2 29. Re1 a2 30. Kg1 Rxe2 31. Rc1 Rxc2 32. Rxc2 a1=Q+ 33. Kf2 Qd4+
34. Ke1 Nfe4 35. Nb5 Qg1+ 36. Ke2 Qf2+ 37. Kd1 Qf1# {White checkmated} 0-1

[Event "Team 45 45 League T54"]
[Site "Internet Chess Club"]
[Date "2012.09.01"]
[Round "3"]
[White "PANAMA-REY"]
[Black "KevinTaylor"]
[Result "0-1"]
[WhiteElo "1387"]
[BlackElo "1551"]
[Opening "Caro-Kann defense"]
[ECO "B10"]
[Time "11:01:20"]
[TimeControl "2700+45"]

1. e4 c6 2. Nf3 d5 3. exd5 cxd5 4. d4 Bg4 5. Nc3 Nc6 6. Be2 Bxf3 7. Bxf3 Nf6 8.
O-O e6 9. Bf4 Qb6 10. Na4 Qxd4 11. Qxd4 Nxd4 12. Bd1 Be7 13. b3 b5 14. Nc3 Rc8
15. Ne2 Nxe2+ 16. Bxe2 Rxc2 17. Bxb5+ Nd7 18. Rac1 Rc5 19. Rxc5 Bxc5 20. Rc1 Bb6
21. Bc7 Ke7 22. Bxb6 axb6 23. Rc7 Rd8 24. Kf1 Kd6 25. Ke2 Kxc7 26. Kd3 e5 {White
resigns} 0-1

[Event "Team 45 45 League T54"]
[Site "Internet Chess Club"]
[Date "2012.08.29"]
[Round "3"]
[White "palm47"]
[Black "pereelcoix"]
[Result "0-1"]
[WhiteElo "1456"]
[BlackElo "1314"]
[Opening "English: Torre defensive system"]
[ECO "A12"]
[Time "11:00:13"]
[TimeControl "2700+45"]

1. Nf3 d5 2. c4 c6 3. b3 Nf6 4. g3 Bg4 5. Bg2 e6 6. O-O Be7 7. Bb2 Nbd7 8. d3
O-O 9. Nbd2 h6 10. e4 Bb4 11. e5 Ne8 12. a3 Be7 13. b4 a6 14. Qc2 Bh5 15. Nb3
Qc7 16. Rac1 Bxf3 17. Bxf3 Nxe5 18. Bxe5 Qxe5 19. Rfe1 Qf6 20. Bg2 b6 21. cxd5
cxd5 22. Qc6 Rb8 23. Qd7 Bd6 24. d4 Qe7 25. Qxe7 Bxe7 26. Rc7 Nxc7 {White
resigns} 0-1

[Event "Team 45 45 League T54"]
[Site "Internet Chess Club"]
[Date "2012.09.03"]
[Round "3"]
[White "ScotchYeti"]
[Black "otherook"]
[Result "1/2-1/2"]
[WhiteElo "1658"]
[BlackElo "1755"]
[Opening "Robatsch defense: two knights variation"]
[ECO "B06"]
[Time "15:01:09"]
[TimeControl "2700+45"]

1. e4 g6 2. d4 Bg7 3. Nf3 d6 4. Nc3 a6 5. Be3 Nd7 6. Qd2 b5 7. Bd3 Bb7 8. O-O
Ngf6 9. Bh6 O-O 10. Rfe1 e5 11. dxe5 Nxe5 12. Nxe5 dxe5 13. Bxg7 Kxg7 14. h3 Qd4
15. Qe3 Rad8 16. Qxd4 Rxd4 17. f3 Rfd8 18. Kf2 c5 19. Ke3 Nh5 20. Ne2 c4 21.
Nxd4 exd4+ 22. Kd2 cxd3 23. cxd3 Nf4 24. Rg1 Kf6 25. Rac1 Ke7 26. Rc7+ Rd7 27.
Rxd7+ Kxd7 28. h4 h6 29. g3 Ne6 30. Rc1 Kd6 31. Rf1 Nc5 32. Kc2 Nd7 33. f4 h5
34. f5 Ne5 35. fxg6 fxg6 36. Rf6+ Ke7 37. Rf4 Bc8 38. Rf1 Bg4 39. Rf2 Be6 40. a3
Ng4 41. Re2 Ne3+ 42. Kc1 Bb3 43. Rf2 Ng4 44. Re2 Ne5 45. Kd2 Be6 46. b4 Bg4 47.
Rf2 Nf3+ 48. Kc2 Ne1+ 49. Kd2 Nf3+ 50. Kc2 Ne5 51. Kd2 Be6 52. Kc2 Ba2 53. Rd2
Ng4 54. Kb2 Be6 55. Kc2 Ne3+ 56. Kc1 Bh3 57. Rf2 Be6 {Game drawn by mutual
agreement} 1/2-1/2

[Event "Team 45 45 League T54"]
[Site "Internet Chess Club"]
[Date "2012.09.01"]
[Round "3"]
[White "crazyhorses"]
[Black "cBishop"]
[Result "1/2-1/2"]
[WhiteElo "1459"]
[BlackElo "1593"]
[Opening "French: King's Indian attack"]
[ECO "C00"]
[Time "12:00:50"]
[TimeControl "2700+45"]

1. e4 e6 2. d3 c5 3. Nd2 b6 4. Ngf3 Bb7 5. g3 Ne7 6. Bg2 Ng6 7. O-O Be7 8. Re1
O-O 9. Nc4 d5 10. exd5 exd5 11. Nce5 d4 12. Nxg6 fxg6 13. Qe2 Bf6 14. Qe6+ Kh8
15. Ne5 Bxg2 16. Kxg2 Bxe5 17. Rxe5 Na6 18. Bg5 Qe8 19. a3 Qxe6 20. Rxe6 Nc7 21.
Re7 Nd5 22. Re5 Nf6 23. h3 Kg8 24. Rae1 Rf7 25. Bxf6 gxf6 26. Re8+ Rxe8 27.
Rxe8+ Kg7 28. Kf3 f5 29. Kf4 Kf6 30. h4 h6 31. a4 g5+ 32. hxg5+ hxg5+ 33. Kf3
Rc7 34. b3 Kf7 35. Rh8 Re7 36. Rh7+ Kf6 37. Rxe7 Kxe7 38. g4 Kf6 39. gxf5 Kxf5
40. Kg3 g4 41. f3 gxf3 42. Kxf3 a6 43. Kg3 Kg5 44. Kf3 Kf5 45. Kg3 Kg5 46. Kf3
Kf5 47. Kg3 Kg5 48. Kf3 Kf5 49. Kg3 Kg5 50. Kf3 Kf5 51. Kg3 Kg5 52. Kf3 Kf5 53.
Kg3 Kg5 54. Kf3 Kf5 55. Kg3 Kg5 56. Kf3 Kf5 57. Kg3 Kg5 58. Kf3 Kf5 59. Kg3 Kg5
60. Kf3 Kf5 61. Kg3 Kg5 62. Kf3 Kf5 63. Kg3 Kg5 64. Kf3 Kf5 65. Kg3 Kg5 66. Kf3
Kf5 67. Kg3 Kg5 68. Kf3 Kf5 69. Kg3 Kg5 70. Kf3 Kf5 71. Kg3 Kg5 72. Kf3 Kf5 73.
Kg3 Kg5 {Game drawn by repetition} 1/2-1/2

[Event "Team 45 45 League T54"]
[Site "Internet Chess Club"]
[Date "2012.09.04"]
[Round "3"]
[White "elessar"]
[Black "Whalen"]
[Result "0-1"]
[WhiteElo "1575"]
[BlackElo "1668"]
[Opening "French: exchange variation"]
[ECO "C01"]
[Time "12:00:11"]
[TimeControl "2700+45"]

1. e4 e6 2. d4 d5 3. exd5 exd5 4. Bd3 Bd6 5. c3 Ne7 6. Nf3 Bg4 7. Nbd2 O-O 8.
O-O Nd7 9. h3 Bh5 10. Bxh7+ Kxh7 11. Ng5+ Kg6 12. Qc2+ Nf5 13. g4 Bxg4 14. hxg4
Qxg5 15. Qxf5+ Qxf5 16. gxf5+ Kxf5 17. Nf3 Rh8 18. Kg2 g5 19. Rh1 Rxh1 20. Kxh1
Rh8+ 21. Kg2 g4 22. Ne1 Nf6 23. Nd3 Rh2+ 24. Kg1 g3 25. fxg3 Bxg3 26. Bf4 Bxf4
27. Nxf4 Rxb2 28. Nd3 Rc2 29. Rf1+ Kg6 30. Rf3 Rxa2 31. Ne5+ Kg7 32. Rg3+ Kf8
33. Rf3 Ke7 34. Re3 Ne4 35. Rf3 f6 36. Ng6+ Kd6 37. Re3 Rc2 38. Nf4 Rxc3 {White
resigns} 0-1

[Event "Team 45 45 League T54"]
[Site "Internet Chess Club"]
[Date "2012.08.31"]
[Round "3"]
[White "ElmerHo"]
[Black "Hal2001"]
[Result "0-1"]
[WhiteElo "1495"]
[BlackElo "1643"]
[Opening "Robatsch (modern) defense"]
[ECO "B06"]
[Time "19:00:12"]
[TimeControl "2700+45"]

1. e4 g6 2. Nf3 Bg7 3. d4 c5 4. Be3 cxd4 5. Bxd4 Nf6 6. Bd3 Nc6 7. Bc3 O-O 8.
Nbd2 d5 9. Bxf6 Bxf6 10. c3 d4 11. c4 e5 12. O-O Bg4 13. h3 Be6 14. a3 a5 15. b3
Qe7 16. Qe2 b6 17. Rfc1 Rfc8 18. Qd1 Nd8 19. Ra2 Nb7 20. Ne1 Qd7 21. Qf3 Bg7 22.
Nf1 Nc5 23. Bc2 Qb7 24. Ng3 Rd8 25. Nd3 Bd7 26. Nxc5 bxc5 27. Rd1 Bc6 28. Qd3
Rf8 29. f3 Bd7 30. Rf1 Bh6 31. Kh1 Qc8 32. Ne2 f5 33. f4 Qc7 34. exf5 Bxf5 35.
Qg3 e4 36. Bd1 Bg7 37. Ng1 d3 38. Bg4 Qd7 39. Bxf5 Qxf5 40. Qg4 g5 41. g3 h6 42.
Qxf5 Rxf5 43. h4 g4 44. Rd2 Bc3 45. Rdd1 Kf7 46. Kg2 Ke7 47. a4 Rd8 48. Kf2 Bd4+
49. Ke1 Bxg1 50. Rxg1 e3 51. Rg2 Rf6 52. Rb2 Ke6 53. Rg2 Kf5 54. Rb1 Ke4 55.
Rbb2 Kf3 56. Ra2 d2+ 57. Kd1 Kxg2 {White resigns} 0-1

[Event "Team 45 45 League T54"]
[Site "Internet Chess Club"]
[Date "2012.09.03"]
[Round "3"]
[White "LazyPeon"]
[Black "almond123"]
[Result "1-0"]
[WhiteElo "1737"]
[BlackElo "1441"]
[Opening "King's Indian: 3.g3"]
[ECO "E60"]
[Time "14:00:37"]
[TimeControl "2700+45"]

1. d4 Nf6 2. c4 g6 3. g3 Bg7 4. Bg2 c6 5. Nc3 O-O 6. e4 d6 7. Nf3 Bg4 8. h3 Bd7
9. e5 dxe5 10. dxe5 Ne8 11. O-O Qc7 12. Bf4 Be6 13. Qe2 Nd7 14. Rfe1 Qb6 15.
Rad1 Nc7 16. Ng5 Rad8 17. Be3 Qa6 18. Nxe6 Nxe6 19. f4 Nb6 20. b3 Rxd1 21. Rxd1
Qa5 22. Ne4 Qb4 23. g4 a5 24. f5 gxf5 25. gxf5 Nc7 26. f6 exf6 27. exf6 Bxf6 28.
Nxf6+ Kg7 29. Bd4 Kg6 30. Qh5+ Kg7 31. Qxh7# {Black checkmated} 1-0

[Event "Team 45 45 League T54"]
[Site "Internet Chess Club"]
[Date "2012.08.31"]
[Round "3"]
[White "losscause"]
[Black "chess-fan"]
[Result "1-0"]
[WhiteElo "1647"]
[BlackElo "1706"]
[Opening "King's Indian: London system"]
[ECO "A48"]
[Time "18:32:58"]
[TimeControl "2700+45"]

1. d4 Nf6 2. Nf3 g6 3. Bf4 Bg7 4. h3 Nc6 5. c3 d5 6. Nbd2 O-O 7. e3 Re8 8. Ne5
Nxe5 9. dxe5 Nd7 10. Nf3 Nb6 11. Bd3 c5 12. e4 d4 13. cxd4 cxd4 14. O-O f6 15.
exf6 exf6 16. Rc1 Be6 17. b3 Rc8 18. Qd2 Qd7 19. Qb4 Red8 20. Rxc8 Rxc8 21. Rc1
Rxc1+ 22. Bxc1 f5 23. exf5 Bxf5 24. Bxf5 gxf5 25. Bb2 d3 26. Bxg7 Qxg7 27. Qd2
Qd7 28. Ne5 Qd4 29. Qg5+ Kf8 30. Qf6+ Ke8 31. Qh8+ Ke7 32. Nc6+ {Black resigns}
1-0

[Event "Team 45 45 League T54"]
[Site "Internet Chess Club"]
[Date "2012.08.30"]
[Round "3"]
[White "ilovechess"]
[Black "SirIvanhoe"]
[Result "0-1"]
[WhiteElo "1478"]
[BlackElo "1535"]
[Opening "Caro-Kann: classical variation"]
[ECO "B18"]
[Time "13:00:33"]
[TimeControl "2700+45"]

1. e4 c6 2. d4 d5 3. Nc3 dxe4 4. Nxe4 Bf5 5. Ng3 Bg6 6. Nf3 Nd7 7. Bd3 Bxd3 8.
Qxd3 Ngf6 9. O-O e6 10. Bg5 Be7 11. Rfe1 O-O 12. Re2 Nd5 13. Bxe7 Qxe7 14. Rae1
Nf4 15. Qb3 Nxe2+ 16. Rxe2 Nf6 17. Nf5 Qc7 18. Ng3 Qb6 19. Qc3 Nd5 20. Qa3 Qb4
21. Qd3 Nf4 22. Qe4 Nxe2+ 23. Qxe2 Qxb2 24. Qd3 Qc1+ 25. Nf1 Qh6 26. c3 Rfd8 27.
Ne3 c5 28. Qb5 cxd4 29. cxd4 b6 30. h3 Rac8 31. Qa6 Rc1+ 32. Nf1 Rc7 33. Ne3 Qg6
34. Qb5 Qe4 35. Qg5 Rdc8 36. Qb5 Rc1+ 37. Nf1 Qb1 38. Qa6 Rxf1+ 39. Qxf1 Rc1 40.
Nd2 Rxf1+ 41. Nxf1 Qxa2 42. d5 Qxd5 43. Ne3 Qe4 44. h4 Qxh4 45. g3 Qe4 46. g4 b5
47. Nf1 Qxg4+ 48. Ng3 b4 49. f4 Qxg3+ 50. Kh1 Qxf4 51. Kg2 b3 52. Kh1 b2 53. Kg2
b1=Q 54. Kh3 Qbf1# {White checkmated} 0-1

[Event "Team 45 45 League T54"]
[Site "Internet Chess Club"]
[Date "2012.09.04"]
[Round "3"]
[White "rubo"]
[Black "Nathan-L"]
[Result "0-1"]
[WhiteElo "1650"]
[BlackElo "1713"]
[Opening "Bird's opening"]
[ECO "A03"]
[Time "17:30:42"]
[TimeControl "2700+45"]

1. f4 d5 2. Nf3 Nf6 3. e3 Bg4 4. Be2 e6 5. b3 Bd6 6. Bb2 Nc6 7. O-O Bxf3 8. Bxf3
Qe7 9. Nc3 O-O-O 10. Nb5 Bc5 11. d4 Bb6 12. Nc3 Rdg8 13. Na4 g5 14. Nxb6+ axb6
15. g3 gxf4 16. exf4 h5 17. Rf2 h4 18. Rg2 hxg3 19. hxg3 Rh3 20. Kf2 Ne4+ 21.
Bxe4 dxe4 22. Qe2 f5 23. a3 Qd6 24. Qe3 Ne7 25. c4 Ng6 26. Qd2 Nh4 27. Rag1 Nf3
28. Qe3 Nxg1 29. Kxg1 c5 30. Kf2 cxd4 31. Qxd4 Qc5 32. b4 Qxd4+ 33. Bxd4 Rd8 34.
Ke3 Rh1 35. Bxb6 Rd3+ 36. Ke2 Ra1 37. Kf2 Rd2+ {White resigns} 0-1